 Dungeon Crawl Stone Soup version 0.31-a0-1144-g99969ba1bc (webtiles) character file.

Game seed: 14679010163478672690

158375 HoaS the Warrior (level 17, 0/120 HPs)
             Began as a Gargoyle Hunter on Nov 28, 2023.
             Was the Champion of Zin.
             Slain by a spriggan defender simulacrum (34 damage)
             ... on level 4 of the Spider Nest on Dec 6, 2023.
             The game lasted 01:41:39 (24598 turns).

HoaS the Warrior (Gargoyle Hunter)                 Turns: 24598, Time: 01:41:40

Health: 0/120      AC: 31    Str: 16    XL:     17   Next: 71%
Magic:  1/24       EV: 39    Int: 11    God:    Zin [******]
Gold:   717        SH:  0    Dex: 34    Spells: 16/16 levels left

rFire   + . .        I - +5 arbalest (heavy)
rCold   . . .        (shield currently unavailable)
rNeg    + . .        w - +0 acid dragon scales
rPois   ∞            g - +2 helmet
rElec   +            P - +2 cloak {rPois}
rCorr   +            m - +2 pair of gloves
SInv    .            u - +2 pair of boots
Will    .....        a - amulet of Makhleb's Displeasure {Acrobat Rampage Will- rCorr Dex+6}
Stlth   +++          b - ring of Ibixkeb {rF+ EV+5 Dex+3}
HPRegen 0.40/turn    f - +6 ring of dexterity
MPRegen 0.19/turn

%: acrobat, rampage
@: flying, slowed, very slow
A: sickness immunity, AC +12, big wings, negative energy resistance 1,
electricity resistance, torment resistance 1, petrification resistance,
deterioration 1
a: Renounce Religion, Recite, Vitalisation, Imprison, Sanctuary, Donate Gold


You were on level 4 of the Spider Nest.
You worshipped Zin.
Zin was exalted by your worship.
You visited 5 branches of the dungeon, and saw 27 of its levels.
You also visited: Sewer and Ossuary.

You collected 2299 gold pieces.
You spent 1408 gold pieces at shops.
You donated 174 gold pieces to Zin.

Inventory:

Hand Weapons
 I - a +5 heavy arbalest (weapon)
Armour
 g - a +2 helmet (worn)
 m - a +2 pair of gloves (worn)
 u - a +2 pair of boots (worn)
 w - +0 acid dragon scales (worn)
 P - a +2 cloak of poison resistance (worn)
Jewellery
 a - the amulet of Makhleb's Displeasure (around neck) {Acrobat Rampage Will- rCorr Dex+6}
   (You found it on level 3 of the Lair of Beasts)

   [amulet of the acrobat]

   Acrobat:   It increases your evasion while moving and waiting.
   Dex+6:     It affects your dexterity (+6).
   Will-:     It decreases your willpower.
   rCorr:     It protects you from acid and corrosion.
   Rampage:   It bestows one free step when moving towards enemies.
 b - the ring of Ibixkeb (left hand) {rF+ EV+5 Dex+3}
   (You acquired it on level 4 of the Dungeon)

   [ring of evasion]

   EV+5:      It affects your evasion (+5).
   Dex+3:     It affects your dexterity (+3).
   rF+:       It protects you from fire.
 f - a +6 ring of dexterity (right hand)
 k - a ring of protection from fire
 r - a ring of willpower
 t - the ring of Xuhymiug {rC+ rCorr Int-3 SInv}
   (You took it off a gnoll on level 6 of the Dungeon)

   [ring of see invisible]

   Int-3:     It affects your intelligence (-3).
   rC+:       It protects you from cold.
   SInv:      It lets you see invisible.
   rCorr:     It protects you from acid and corrosion.
 H - a ring of protection from cold
 O - a ring of fire
Wands
 h - a wand of paralysis (48)
 p - a wand of flame (16)
 G - a wand of roots (15)
 K - a wand of quicksilver (5)
 N - a wand of mindburst (4)
Scrolls
 c - 4 scrolls of revelation
 d - 6 scrolls of blinking
 e - 5 scrolls of teleportation
 i - 10 scrolls of identify
 o - a scroll of butterflies
 q - 3 scrolls of poison
 s - 6 scrolls of fear
 x - 2 scrolls of vulnerability
 y - 4 scrolls of immolation
 A - 2 scrolls of silence
 E - 3 scrolls of fog
Potions
 j - 8 potions of curing
 n - 4 potions of haste
 v - 4 potions of attraction
 z - 4 potions of enlightenment
 B - 5 potions of cancellation
 C - a potion of ambrosia
 D - 3 potions of invisibility
 F - a potion of heal wounds
 J - a potion of resistance
 L - a potion of mutation


   Skills:
 * Level 18.4 Fighting
 * Level 18.3 Ranged Weapons
 - Level 2.5 Armour
 * Level 18.2 Dodging
 - Level 1.1 Stealth
 + Level 10.0 Invocations


You had 16 spell levels left.
You didn't know any spells.
Your spell library contained the following spells:

 Spells                   Type           Power      Damage    Failure   Level
 Freeze                   Ice            0%         1d3       43%         1
 Magic Dart               Conj           0%         1d3       43%         1
 Sandblast                Erth           0%         2d4       43%         1
 Shock                    Conj/Air       0%         1d3       43%         1
 Slow                     Hex            0%         N/A       43%         1
 Ensorcelled Hibernation  Hex/Ice        0%         N/A       58%         2
 Passwall                 Tmut/Erth      0%         N/A       58%         2
 Poisonous Vapours        Pois/Air       0%         N/A       58%         2
 Searing Ray              Conj           0%         2d4       58%         2
 Confusing Touch          Hex            0%         N/A       82%         3
 Dazzling Flash           Conj/Hex       0%         N/A       82%         3
 Frozen Ramparts          Ice            0%         1d1       82%         3
 Hailstorm                Conj/Ice       0%         3d5       82%         3
 Ignite Poison            Fire/Tmut/Pois 0%         N/A       82%         3
 Mephitic Cloud           Conj/Pois/Air  0%         N/A       82%         3
 Sigil of Binding         Hex            0%         N/A       82%         3
 Stone Arrow              Conj/Erth      0%         3d7       82%         3
 Swiftness                Air            0%         N/A       82%         3
 Tukima's Dance           Hex            0%         N/A       82%         3
 Vampiric Draining        Necr           0%         2d6       82%         3
 Airstrike                Air            0%         2d(0-16)  99%         4
 Anguish                  Hex/Necr       0%         N/A       99%         4
 Brom's Barrelling Bould  Conj/Erth      0%         2d3       99%         4
 Cause Fear               Hex            0%         N/A       99%         4
 Dimensional Bullseye     Hex/Tloc       0%         N/A       99%         4
 Fulminant Prism          Conj/Hex       0%         3d5       99%         4
 Iskenderun's Mystic Bla  Conj/Tloc      0%         2d3       99%         4
 Petrify                  Tmut/Erth      0%         N/A       99%         4
 Agony                    Necr           0%         N/A       100%        5
 Fireball                 Conj/Fire      0%         3d3       100%        5
 Freezing Cloud           Conj/Ice/Air   0%         6-21      100%        5
 Irradiate                Conj/Tmut      0%         3d11      100%        5
 Silence                  Hex/Air        0%         N/A       100%        5
 Enfeeble                 Hex            0%         N/A       100%        7
 Dragon's Call            Summ           0%         N/A       100%        9
 Cigotuvi's Dreadful Rot  Necr/Pois/Air  Unusable   N/A       N/A         2
 Sublimation of Blood     Necr           Unusable   N/A       N/A         2

Dungeon Overview and Level Annotations

Branches:
Dungeon (15/15)            Temple (1/1) D:5            Lair (5/5) D:10
  Swamp (0/4) Lair:2       Spider (4/4) Lair:2        Slime (0/5) Lair:4
    Orc (2/2) D:12            Elf (0/3) Orc:2        Vaults (0/5) D:13
 Depths (0/4) D:15          Sewer (visited)         Ossuary (visited)

Altars:
Ashenzari
Cheibriados
Dithmenos
Elyvilon
Fedhas
Gozag
Hepliaklqana
Kikubaaqudgha
Makhleb
Nemelex Xobeh
Okawaru
Qazlal
Ru
Sif Muna
Trog
Uskayaw
Vehumet
Wu Jian
Xom
Yredelemnul
Zin
The Shining One
Jiyva
Lugonu

Shops:
D:8 *   D:9 !(*(   Orc:2 (:!:

Portals:
Abyss: Orc:1 Lair:5
Trove: D:15 (give 8 potions of haste)
Ice
Cave: Spider:4

Annotations:
Spider:4 1 runed translucent door, Xirhei's ghost, adept AtWn
Orc:1 2 transporters, KimchiStew's ghost, journeyman HuWn


Innate Abilities, Weirdness & Mutations

You are immune to sickness and miasma.
Your stone body is resilient. (AC +12)
You are immune to poison.
Your large and strong wings let you fly.
You resist negative energy. (rN+)
You are resistant to electric shocks. (rElec)
You are resistant to unholy torment.
You are immune to petrification.
Your body sometimes deteriorates upon taking damage.


Message History

The redback completely misses you.
The spriggan defender simulacrum completely misses you.
You shoot a bolt. The bolt hits the redback!!!
You kill the redback!
The spriggan defender simulacrum completely misses you.
The spriggan defender simulacrum hits you!
The spriggan defender simulacrum freezes you!!!
The spriggan defender simulacrum completely misses you.
You feel you are being watched by something.
You feel your power leaking away. Something barely misses you.
Something closely misses you. Something stings you!
Deactivating autopickup; reactivate with Ctrl-A.
You are too injured to fight recklessly!
You are too injured to fight recklessly!
You are too injured to fight recklessly!
You are too injured to fight recklessly!
You feel much better.
The spriggan defender simulacrum completely misses you.
A tarantella comes into view.
Something closely misses you. Something misses you.
Something completely misses you.
The anaconda simulacrum completely misses you.
The anaconda simulacrum misses you.
The spriggan defender simulacrum misses you.
You feel you are being watched by something.
Something hits you but does no damage. Something misses you.
Something stings you!
The anaconda simulacrum completely misses you.
The anaconda simulacrum bites you but does no damage.
You feel much better.
The spriggan defender simulacrum hits you but does no damage.
The anaconda simulacrum completely misses you.
The anaconda simulacrum bites you! The anaconda simulacrum freezes you!!
Something completely misses you. Something barely misses you.
Something completely misses you.
The spriggan defender simulacrum hits you!
* * * LOW HITPOINT WARNING * * *
The spriggan defender simulacrum freezes you!!
You die...

****^,,,,,,,,......^##.........,,
,,^*,,,,,............##........,,
,,,*^,,,,.............#..^.....~,
,,,^,,,^,..............^.^#####**
*,^,,,,,,.....^..^....#..^..^^,,,
**,,,,,,,........†....#........,,
*^,,^,,,.^...........#........,,
**,,*,,,,........Z....#.....^..,,
,****^,^,......^@Z....#...^^.~.,,
,,,,*****########....†#...#####**
*,,,^,,,,^......swZ......^.^^~,,*
**,,,,,^^,.......Z..........,,,,^
*,,,,,,,,......Z^..........,,,,,
**,,,,,,,^...............^.~,,,,,
*,,,,,,,,,.....^^.......####*,,,,
*,,,,,,,,,..........s^..# *****
*,,,,,,*,,..^.....?.^..^#* *


You could see a torpor snail, a tarantella (wandering), an anaconda simulacrum,
an alligator simulacrum, a spriggan defender simulacrum and a minotaur
simulacrum.

Vanquished Creatures
  Arachne (Spider:1)
  Mlioglotl (Spider:1)
  Rupert (D:13)
  A ghost moth (Spider:1)
  An orc warlord (Orc:1)
  4 broodmothers
  The ghost of KimchiStew the Covert, a journeyman VSFi of Uskayaw (Orc:2)
  4 spark wasps
  A dire elephant (D:15)
  The ghost of Takeo the Thaumaturge, a journeyman DEIE of Vehumet (D:14)
  Snorg (D:11)
  3 entropy weavers
  Harold (Lair:1)
  7 hydras
  2 ogre magi (D:13)
  An ice dragon (D:13)
  6 two-headed ogres
  4 boulder beetles
  7 centaur warriors
  4 jorogumos
  2 tengu warriors
  2 catoblepae
  A radroach (Spider:1)
  A death scarab (Spider:3)
  Urug (D:13)
  A spectral orc (Orc:2)
  3 orc high priests (Orc:2)
  7 demonic crawlers
  8 death yaks
  3 thrashing horrors (Lair:5)
  6 pharaoh ants
  2 skysharks
  A sun moth (Spider:3)
  7 orb spiders
  A flayed ghost (D:13)
  10 steelbarb worms
  4 deep elf pyromancers
  2 lindwurms (Lair:5)
  7 orc knights
  7 orc sorcerers
  10 ugly things
  5 cyclopes
  An oklob plant (Lair:4)
  A salamander (D:15)
  12 wolf spiders
  5 manticores
  8 elephants
  6 black mambas
  7 kobold blastminers
  2 moths of wrath (Spider:3)
  7 torpor snails
  A smoke demon (Lair:5)
  A gargoyle (D:8)
  Maggie (D:6)
  13 cane toads
  9 komodo dragons
  4 kobold demonologists
  An efreet (D:13)
  An anaconda simulacrum (Spider:4)
  Jeremiah (Lair:1)
  2 tengu conjurers (D:15)
  5 trolls
  2 polar bears
  3 meliai (Spider:2)
  Grinder (D:4)
  24 tarantellas
  An alligator simulacrum (Spider:4)
  34 blink frogs
  A blink frog (shapeshifter) (D:13)
  4 dream sheep (Lair:4)
  2 raiju (Lair:5)
  14 jumping spiders
  7 slime creatures
  A centaur simulacrum (D:15)
  A spriggan (shapeshifter) (Lair:5)
  A vampire (D:11)
  2 shadows
  21 culicivoras
  Eustachio (D:4)
  56 yaks
  6 water elementals (D:15)
  4 wraiths
  3 wyverns
  2 ynoxinuls (Lair:5)
  6 basilisks
  16 humans (D:13)
  A vampire mosquito (D:7)
  A minotaur simulacrum (Spider:4)
  2 chaos spawn (Lair:5)
  4 wargs
  Menkaure (D:4)
  33 redbacks
  An acid dragon (D:11)
  16 water moccasins
  22 orc warriors
  6 ogres
  3 ice beasts
  A sky beast (D:6)
  2 black bears
  A boggart (D:13)
  20 centaurs
  5 orc simulacra (Orc:2)
  9 kobold brigands
  A deep troll simulacrum (Spider:4)
  10 bullfrogs
  A scorpion (Lair:3)
  4 water moccasin zombies (Ossuary)
  12 small abominations (Lair:5)
  A hornet simulacrum (D:15)
  11 wights
  8 killer bees
  10 howler monkeys
  4 electric eels
  A lava snake (Lair:5)
  A kobold simulacrum (Orc:2)
  2 hounds
  4 jellies
  14 orc priests
  A gnoll bouda (D:6)
  5 sleepcaps
  A warg simulacrum (Orc:2)
  3 iguanas
  30 orc wizards
  A hell rat (D:10)
  A boggart simulacrum (D:14)
  2 mummies (Ossuary)
  Robin (D:4)
  2 adders
  9 gnolls
  5 river rats
  An ogre simulacrum (Orc:2)
  2 shadow imps (D:7)
  2 white imps
  3 ufetubi (D:6)
  4 adder zombies (Ossuary)
  4 worms
  77 orcs
  5 bats
  11 endoplasms
  4 giant cockroaches
  2 gnoll zombies (Ossuary)
  20 goblins
  7 hobgoblins
  13 jackals
  27 kobolds
  6 quokkas
  3 ball pythons
  3 frilled lizards
  5 hobgoblin zombies (Ossuary)
  6 kobold zombies (Ossuary)
  5 orc zombies (Ossuary)
  10 rats
  A spectral kobold (D:7)
938 creatures vanquished.

Vanquished Creatures (others)
  A troll (Orc:2)
  2 orc wizards
3 creatures vanquished.

Grand Total: 941 creatures vanquished

Notes
Turn   | Place    | Note
-------+----------+-------------------------------------------
     0 | D:1      | HoaS the Gargoyle Hunter began the quest for the Orb.
     0 | D:1      | Reached XP level 1. HP: 12/12 MP: 1/1
    89 | D:1      | Reached XP level 2. HP: 17/17 MP: 2/2
   319 | D:1      | Reached XP level 3. HP: 19/21 MP: 3/3
   327 | D:1      | Reached skill level 5 in Ranged Weapons
   446 | D:1      | Found a faded altar of an unknown god.
  1428 | D:3      | Reached XP level 4. HP: 22/26 MP: 2/4
  2141 | D:4      | Noticed Grinder
  2173 | D:4      | Paralysed by Grinder for 5 turns
  2266 | D:4      | Found a glowing drain.
  2287 | Sewer    | Entered a sewer
  2421 | Sewer    | Reached XP level 5. HP: 30/30 MP: 5/5
  2491 | Sewer    | Noticed a kobold brigand
  2509 | Sewer    | Killed a kobold brigand
  2608 | Sewer    | Noticed a kobold brigand
  2615 | Sewer    | Killed a kobold brigand
  2616 | Sewer    | Reached XP level 6. HP: 35/35 MP: 6/6
  2777 | D:4      | Identified a scroll of acquirement
  2777 | D:4      | Acquired the ring of Ibixkeb {rF+ EV+5 Dex+3}
  2907 | D:4      | Identified the blade talisman of Tuiptuth {+Blink rC- Str+3
                  | Int+8 Stlth-}
  2955 | D:4      | Paralysed by Grinder for 2 turns
  3098 | D:5      | Entered Level 5 of the Dungeon
  3155 | D:5      | Reached XP level 7. HP: 39/40 MP: 7/7
  3351 | D:5      | Found a staircase to the Ecumenical Temple.
  3366 | Temple   | Entered the Ecumenical Temple
  3383 | Temple   | Became a worshipper of Zin the Law-Giver
  3383 | Temple   | Reached * piety under Zin
  3715 | D:5      | Reached skill level 1 in Invocations
  3974 | D:4      | Noticed Robin
  3993 | D:4      | Noticed Eustachio
  3999 | D:4      | Killed Robin
  4110 | D:4      | Killed Eustachio
  4111 | D:4      | Reached XP level 8. HP: 27/44 MP: 6/10
  4325 | D:4      | Killed Grinder
  4415 | D:4      | Noticed Menkaure
  4422 | D:4      | Killed Menkaure
  4423 | D:4      | Reached skill level 10 in Ranged Weapons
  4474 | D:4      | Acquired a manual of Ranged Weapons
  4890 | D:6      | Identified the ring "Fyrat" {Fly Int+5 Dex-2}
  4904 | D:6      | Noticed a yak
  4918 | D:6      | Noticed a yak
  4918 | D:6      | Noticed a yak
  4918 | D:6      | Noticed a yak
  4918 | D:6      | Noticed a yak
  5069 | D:6      | Found a shimmering blue altar of Sif Muna.
  5072 | D:6      | Found a shimmering altar of Xom.
  5072 | D:6      | Found a sparkling altar of Nemelex Xobeh.
  5158 | D:6      | Reached ** piety under Zin
  5231 | D:6      | Noticed Maggie
  5232 | D:6      | Upgraded the game from 0.31-a0-1091-g283494c966 to
                  | 0.31-a0-1118-gbca3d03946
  5286 | D:6      | Killed Maggie
  5287 | D:6      | Reached XP level 9. HP: 27/48 MP: 7/11
  5530 | D:6      | Found a bloodstained altar of Trog.
  5602 | D:6      | Identified the ring of Xuhymiug {rC+ rCorr Int-3 SInv}
  5740 | D:7      | Found a broken altar of Ashenzari.
  5828 | D:7      | Reached *** piety under Zin
  6018 | D:7      | Found a hazy altar of Hepliaklqana.
  6030 | D:7      | Found a sand-covered staircase.
  6036 | Ossuary  | Entered an ossuary
  6181 | Ossuary  | Reached **** piety under Zin
  6622 | D:7      | Reached XP level 10. HP: 48/58 MP: 10/13
  6760 | D:7      | Reached skill level 15 in Ranged Weapons
  6893 | D:8      | Noticed a gargoyle
  6894 | D:8      | Noticed a red ugly thing
  7072 | D:8      | Found Feqesmae's Mayhem Merchandise.
  7263 | D:8      | Reached skill level 5 in Fighting
  7518 | D:9      | Found Carewiph's Antique Weapon Emporium.
  7519 | D:9      | Found Pear's Weapon Boutique.
  7520 | D:9      | Found Pifeff's Distillery.
  7737 | D:9      | Reached ***** piety under Zin
  7876 | D:9      | Reached skill level 5 in Invocations
  7984 | D:9      | Found Raockuen's Overcharged Wands.
  8227 | D:8      | Killed a gargoyle
  8293 | D:6      | Reached skill level 5 in Dodging
  8304 | D:6      | Reached XP level 11. HP: 57/66 MP: 11/15
  8800 | D:8      | Found an opulent altar of Gozag.
  8800 | D:8      | Found a glowing golden altar of the Shining One.
  8846 | D:8      | Killed a red ugly thing
  8952 | D:10     | Entered Level 10 of the Dungeon
  9248 | D:10     | Upgraded the game from 0.31-a0-1118-gbca3d03946 to
                  | 0.31-a0-1134-gb247575874
  9356 | D:10     | Noticed a death yak
  9416 | D:10     | Killed a death yak
  9563 | D:10     | Found a staircase to the Lair.
  9565 | D:10     | Noticed a death yak
  9565 | D:10     | Noticed a death yak
  9602 | D:10     | Killed a death yak
  9795 | D:10     | Killed a death yak
 10038 | Lair:1   | Entered Level 1 of the Lair of Beasts
 10038 | Lair:1   | Noticed Jeremiah
 10050 | Lair:1   | Killed Jeremiah
 10226 | Lair:1   | Noticed a catoblepas
 10257 | Lair:1   | Killed a catoblepas
 10258 | Lair:1   | Reached XP level 12. HP: 64/75 MP: 13/16
 10399 | Lair:1   | Noticed Harold
 10477 | Lair:1   | Killed Harold
 10811 | Lair:2   | Noticed a four-headed hydra
 10840 | Lair:1   | Killed a four-headed hydra
 10846 | Lair:2   | Noticed a skyshark
 10852 | Lair:2   | Killed a skyshark
 10914 | Lair:2   | Found a hole to the Spider Nest.
 11294 | Lair:2   | Found a staircase to the Swamp.
 11606 | Lair:3   | Reached XP level 13. HP: 82/82 MP: 16/18
 11682 | Lair:3   | Reached skill level 10 in Fighting
 11690 | Lair:3   | Identified the amulet of Makhleb's Displeasure {Acrobat
                  | Rampage Will- rCorr Dex+6}
 12629 | Lair:4   | Found a staircase to the Slime Pits.
 12639 | Lair:4   | Found a viscous altar of Jiyva.
 13146 | Lair:5   | Entered Level 5 of the Lair of Beasts
 13263 | Lair:5   | Reached skill level 10 in Dodging
 13330 | Lair:5   | Gained mutation: Your large and strong wings let you fly.
                  | [Gargoyle growth]
 13330 | Lair:5   | Reached XP level 14. HP: 90/90 MP: 21/21
 13583 | Lair:5   | Reached ****** piety under Zin
 13795 | Lair:5   | Found a corrupted altar of Lugonu.
 13795 | Lair:5   | Found a one-way gate to the infinite horrors of the Abyss.
 13800 | Lair:5   | Identified the +6 shortbow of Grandeur {freeze, Int+5}
 14482 | D:11     | Noticed Snorg
 14486 | D:11     | Killed Snorg
 15121 | D:11     | Reached skill level 1 in Armour
 15644 | D:12     | Found a staircase to the Orcish Mines.
 15791 | Orc:1    | Entered Level 1 of the Orcish Mines
 15936 | Orc:1    | Reached XP level 15. HP: 99/99 MP: 22/22
 15970 | Orc:1    | Found a transporter.
 15979 | Orc:1    | Noticed an orc warlord
 16016 | Orc:1    | Found a transporter.
 16038 | Orc:1    | Noticed KimchiStew's ghost (journeyman HuWn)
 16378 | Orc:2    | Entered Level 2 of the Orcish Mines
 16390 | Orc:2    | Noticed an orc warlord
 16431 | Orc:1    | Killed an orc warlord
 16846 | Orc:1    | Paralysed by an orc sorcerer for 3 turns
 17021 | Orc:2    | Found a staircase to the Elven Halls.
 17103 | Orc:2    | Paralysed by an orc sorcerer for 4 turns
 17539 | Orc:2    | Found a runed translucent gate.
 17539 | Orc:2    | Found a runed translucent gate.
 17539 | Orc:2    | Found a runed translucent gate.
 17540 | Orc:2    | Noticed KimchiStew's ghost (journeyman VSFi)
 18006 | Orc:2    | Paralysed by an orc sorcerer for 4 turns
 18013 | Orc:2    | Paralysed by an orc sorcerer for 5 turns
 18160 | Orc:2    | Found Zaq Biturir's Distillery.
 18160 | Orc:2    | Found Hiont's Book Shoppe.
 18162 | Orc:2    | Found Segumm's Weapon Shop.
 18162 | Orc:2    | Found Fesimnal's Book Shoppe.
 18168 | Orc:2    | Bought a potion of heal wounds for 65 gold pieces
 18168 | Orc:2    | Bought a potion of heal wounds for 65 gold pieces
 18168 | Orc:2    | Bought a potion of curing for 39 gold pieces
 18168 | Orc:2    | Bought a potion of curing for 39 gold pieces
 18278 | Orc:2    | Bought a manual of Dodging for 1200 gold pieces
 18337 | Orc:2    | Killed KimchiStew's ghost
 18486 | D:13     | Noticed Urug
 18486 | D:13     | Noticed Rupert
 18486 | D:13     | Found a gate to the Vaults.
 18487 | D:13     | Paralysed by an ogre mage for 3 turns
 18596 | D:13     | Killed Urug
 18692 | D:13     | Killed Rupert
 18809 | D:13     | Identified the +0 robe of Nihilism {rF+}
 18908 | D:13     | Reached skill level 15 in Fighting
 19018 | D:13     | Identified the +0 plate armour of Hide-and-Seek {-Tele
                  | rN+++ Will++ Dex-5}
 19020 | D:13     | Identified the +2 robe of Infinity {rCorr}
 19032 | D:13     | Reached skill level 15 in Dodging
 19473 | D:14     | Found a large runed translucent door.
 19474 | D:14     | Found a large runed translucent door.
 19476 | D:14     | Noticed Takeo's ghost (journeyman DEIE)
 19497 | D:14     | Reached XP level 16. HP: 94/108 MP: 23/23
 20171 | D:14     | Killed Takeo's ghost
 20245 | D:14     | Identified the +5 morningstar "Jitejo" {holy, rPois Str+3
                  | Dex+6}
 20269 | D:15     | Entered Level 15 of the Dungeon
 20784 | D:15     | Found a staircase to the Depths.
 21050 | D:15     | Found a portal to a secret trove of treasure.
 21283 | Spider:1 | Entered Level 1 of the Spider Nest
 21653 | Spider:1 | Noticed Mlioglotl
 21664 | Spider:1 | Killed Mlioglotl
 22167 | Spider:1 | Upgraded the game from 0.31-a0-1134-gb247575874 to
                  | 0.31-a0-1144-g99969ba1bc
 22707 | Spider:2 | Noticed Arachne
 22728 | Spider:1 | Killed Arachne
 22729 | Spider:1 | Reached XP level 17. HP: 118/118 MP: 24/24
 22755 | Spider:1 | Gained mutation: Your body sometimes deteriorates upon
                  | taking damage. [mutagenic glow]
 24541 | Spider:4 | Entered Level 4 of the Spider Nest
 24542 | Spider:4 | Noticed Xirhei's ghost (adept AtWn)
 24542 | Spider:4 | Found a runed translucent door.
 24582 | Spider:4 | Reached skill level 10 in Invocations
 24585 | Spider:4 | Found a frozen archway.
 24598 | Spider:4 | Slain by a spriggan defender simulacrum

Illustrated notes

Levels and vault maps discovered:
D:1:      lightli_arrival_lavapool, layout_loops_ring,
          shapermc_ecumenical_altar_totnotflames, chequers_mini_garden,
          minmay_nonomino_d4
D:2:      layout_rooms
D:3:      layout_loops_ring
D:4:      layout_basic, cheibrodos_sewer_entry_drain, uniq_menkaure,
          uniq_eustachio, uniq_robin, uniq_grinder
D:5:      layout_loops_ring, minmay_temple_entry_enclosed_plants,
          roderic_lattice_a
D:6:      layout_basic, grunt_temple_overflow_open, lemuel_tele_altar,
          hangedman_abyss_or_decor_stagger, st_stairs_12, item_on_display_b,
          uniq_maggie
D:7:      layout_loops_cross, nicolae_hepliaklqana_monster_ancestors,
          evilmike_ruin_ashenzari, nicolae_ossuary_entry_plus
D:8:      layout_loops_ring, amethyst_overflow_temple_binary, st_stairs_10,
          minivault_11, minmay_misc_feat_more_columns, minmay_shop_mayhem,
          minmay_radiant
D:9:      layout_long_grid, nicolae_wooded_promenade,
          nicolae_shop_overcharged_wands
D:10:     layout_loops_ring, dpeg_lair_monsters, nicolae_elevator_lobby_asterisk
D:11:     layout_loops_corners, gauntlet_entry_generic, minivault_25_ag,
          serial_bayou_lagoon_b, uniq_snorg
D:12:     layout_big_octagon
D:13:     layout_loops_ring, david_vaults_3, minmay_evil_grid
D:14:     layout_loops_ring, ebering_ghost_disaster_area, serial_park_gazebo
          [serial_park_minivault_5x5_7]
D:15:     hangedman_depths_entry_try_elsewhere_first, layout_basic,
          nicolae_trove_entry_crystal, minmay_tree_intersection,
          grunt_decor_resistance
Temple:   eino_temple_lava
Lair:1:   hellmonk_ruined_rings, layout_misc_corridors, uniq_jeremiah,
          uniq_harold
Lair:2:   layout_regular_city, swamp_mist, dummy_spider_entry,
          beast_lair_carwin_11, infiniplex_staircase_pool, lemuel_fruit_fields
Lair:3:   layout_gridlike, serial_bayou, serial_bayou_pond_b,
          serial_bayou_lagoon_a, serial_bayou_pond_a, serial_bayou_pond_d, pond
Lair:4:   layout_gridlike, nicolae_slime_entry_field_trip,
          infiniplex_staircase_pool_2
Lair:5:   hellmonk_lair_end_abyssal_woods, layout_gridlike, minivault_27,
          minivault_23, grunt_megastairs_2
Spider:1: layout_spider_delve, uniq_mlioglotl
Spider:2: layout_spider_delve, uniq_arachne
Spider:3: nicolae_spider_hilbert_zone_7 [nicolae_spider_hilbert_4_sides_1_open,
          nicolae_spider_hilbert_4_sides_1_open,
          nicolae_spider_hilbert_4_sides_1_open,
          nicolae_spider_hilbert_4_sides_1_open,
          nicolae_spider_hilbert_3_sides_1_open,
          nicolae_spider_hilbert_3_sides_1_open,
          nicolae_spider_hilbert_3_sides_1_open,
          nicolae_spider_hilbert_3_sides_1_open,
          nicolae_spider_hilbert_4_sides_1_open,
          nicolae_spider_hilbert_4_sides_1_open,
          nicolae_spider_hilbert_4_sides_1_open,
          nicolae_spider_hilbert_2_sides_1_open,
          nicolae_spider_hilbert_2_sides_1_open,
          nicolae_spider_hilbert_2_sides_1_open,
          nicolae_spider_hilbert_2_sides_1_open,
          nicolae_spider_hilbert_2_sides_1_open,
          nicolae_spider_hilbert_2_sides_1_open]
Spider:4: grunt_spider_rune_parallel, ebering_ghost_reflecting_pool,
          portal_ice_cave_entry_ice_simulacra
Orc:1:    layout_diamond_mine, gammafunk_ghost_abyssal_escape
Orc:2:    grunt_orc_tribal_feast, layout_caves, gammafunk_ghost_necromancy

Skill      XL: |  1  2  3  4  5  6  7  8  9 10 11 12 13 14 15 16 17 |
---------------+----------------------------------------------------+-----
Ranged Weapons | 5 6 7 8 9 13 14 16 17 18 | 18.3
Invocations    | 2 3 4 5 7 9 10 | 10.0
Dodging        | 3 5 8 10 12 15 17 18 | 18.2
Fighting       | 4 6 8 9 11 13 15 17 18 | 18.4
Armour         | 2 |  2.5
Stealth        | |  1.1

Action                     |  1- 3 |  4- 6 |  7- 9 | 10-12 | 13-15 | 16-18 || total
---------------------------+-------+-------+-------+-------+-------+-------++-------
  Melee: Unarmed           |       |       |       |    27 |       |       ||    27
         Arbalest          |       |       |       |       |    16 |     5 ||    21
   Fire: Shortbow          |   126 |   206 |   638 |       |       |       ||   970
         Orcbow            |       |       |    13 |   727 |       |       ||   740
         Arbalest          |       |       |       |    67 |   788 |   563 ||  1418
 Invoke: Vitalisation      |       |       |       |     2 |     2 |     2 ||     6
         Recite            |       |       |       |     1 |     3 |     2 ||     6
    Use: Scroll            |     9 |    10 |     9 |     8 |    11 |     4 ||    51
         Potion            |       |       |     1 |     2 |     2 |     4 ||     9
 Armour: Leather armour    |    42 |    37 |   163 |    60 |       |       ||   302
         Troll leather arm |       |       |       |   166 |    99 |       ||   265
         Skin              |       |       |       |    65 |       |       ||    65
         Acid dragon scale |       |       |       |       |   213 |   230 ||   443
  Dodge: Dodged            |    41 |    56 |   284 |   362 |   851 |  1089 ||  2683

Table legend: (Time is in decaauts)
 A = Elapsed time spent in this place.
 B = Non-inter-level travel time spent in this place.
 C = Inter-level travel time spent in this place.
 D = Time resting spent in this place.
 E = Time spent auto-exploring this place.
 F = Levels seen in this place.
 G = Mean time per level.
                   A        B        C        D        E       F      G
               +--------+--------+--------+--------+--------+-----+--------+
         Total |  25282 |  23897 |   1385 |   3532 |  14477 |  29 |  871.8 |
       Dungeon |  13631 |  12749 |    882 |   1198 |   8638 |  15 |  908.7 |
        Temple |     26 |     17 |      9 |      0 |      0 |   1 |   26.0 |
          Lair |   4478 |   4225 |    253 |     97 |   3082 |   5 |  895.6 |
   Spider Nest |   3597 |   3518 |     79 |   1155 |   1420 |   4 |  899.2 |
  Orcish Mines |   2819 |   2659 |    160 |    969 |   1014 |   2 | 1409.5 |
         Sewer |    552 |    552 |      0 |    112 |    247 |   1 |  552.0 |
       Ossuary |    175 |    175 |      0 |      0 |     75 |   1 |  175.0 |
               +--------+--------+--------+--------+--------+-----+--------+

Top non-repeatable levels by time:
Spider:1: 1667 daAuts
   Orc:1: 1552 daAuts
     D:4: 1375 daAuts
   Orc:2: 1267 daAuts
  Lair:5: 1161 daAuts
    D:11: 1112 daAuts
    D:10: 1104 daAuts
Spider:3: 1077 daAuts
    D:13: 973 daAuts
     D:8: 973 daAuts
     D:7: 963 daAuts
     D:5: 960 daAuts
     D:1: 933 daAuts
    D:14: 929 daAuts
    D:15: 922 daAuts
